MLB
ST. LOUIS CARDINALS @ NASHVILLE OUTLAWS
05/01/2039
 
TOP OF THE 1ST
St. Louis Cardinals batting - Pitching for Nashville Outlaws : RHP Ben Utz
Pitching: RHP Ben Utz
Batting: LHB Pete Crow-Armstrong 0-0: Called Strike
0-1: Foul Ball, location: 5FF
0-2: SINGLE (Flyball, 8RS, EV 85.0 MPH)
Batting: RHB Ed Howard 0-0: Called Strike
0-1: Foul Ball, location: 9LMF
0-2: Fly out, F7 (Flyball, 7LS, EV 90.0 MPH)
Batting: LHB Mike Murphy 0-0: Swinging Strike
0-1: Swinging Strike
0-2: Strikes out swinging
Batting: LHB Danny Walton 0-0: Ball
1-0: Called Strike
Pete Crow-Armstrong steals 2nd base (no throw)
1-1: Ball
2-1: Ball
3-1: Base on Balls
Batting: RHB Jim Lagasse 0-0: Ball
1-0: Ball
2-0: Foul Ball, location: 9LDF
2-1: Swinging Strike
2-2: Ground out 4-3 (Groundball, 4, EV 101.9 MPH)
Top of the 1st over - 0 runs, 1 hit, 0 errors, 2 left on base; St. Louis 0 - Nashville 0
BOTTOM OF THE 1ST
Nashville Outlaws batting - Pitching for St. Louis Cardinals : LHP Josh Lindenthal
Pitching: LHP Josh Lindenthal
Batting: RHB Mike Head 0-0: Called Strike
0-1: Called Strike
0-2: Fly out, F8 (Flyball, 89S, EV 86.9 MPH)
Batting: RHB Andy Torrez 0-0: Ball
1-0: Fly out, F8 (Line Drive, 78M, EV 91.9 MPH)
Batting: RHB Cristoforo Gortana 0-0: Ball
1-0: Called Strike
1-1: Ball
2-1: Ball
3-1: Base on Balls
Batting: RHB Manny Leyva 0-0: Ball
1-0: Ball
2-0: Foul Ball, location: 2F
2-1: Foul Ball, location: 2F
2-2: Fielders Choice at 2nd, 5-4 (Groundball, 56, EV 108.8 MPH)
Bottom of the 1st over - 0 runs, 0 hits, 0 errors, 1 left on base; St. Louis 0 - Nashville 0
TOP OF THE 2ND
St. Louis Cardinals batting - Pitching for Nashville Outlaws : RHP Ben Utz
Batting: RHB Joe Denham 0-0: Ground out 1-3 (Groundball, P, EV 63.1 MPH)
Batting: LHB Roman Fernandez 0-0: Foul Ball, location: 5SF
0-1: Ball
1-1: Swinging Strike
1-2: Strikes out looking
Batting: LHB Jacob Gonzalez 0-0: Ball
1-0: Ball
2-0: Ball
3-0: Called Strike
3-1: Swinging Strike
3-2: Strikes out swinging, 2-3 out at first.
Top of the 2nd over - 0 runs, 0 hits, 0 errors, 0 left on base; St. Louis 0 - Nashville 0
BOTTOM OF THE 2ND
Nashville Outlaws batting - Pitching for St. Louis Cardinals : LHP Josh Lindenthal
Batting: RHB Josh Robinson 0-0: SINGLE (Groundball, 4MD, EV 93.8 MPH)
Batting: RHB Nate Danzi 0-0: Ball
1-0: Ball
2-0: Called Strike
2-1: Foul Ball, location: 25F
2-2: Ball
3-2: Fly out, F4 (Popup, 34, EV 65.6 MPH)
Batting: RHB Dave Parks 0-0: Foul Ball, location: 9LSF
0-1: Ball
1-1: Ball
2-1: Swinging Strike
2-2: Fly out, F7 (Flyball, 7, EV 87.5 MPH)
Batting: SHB Marcus Miles 0-0: Ball
1-0: Ground out 5-3 (Groundball, 56S, EV 78.1 MPH)
Bottom of the 2nd over - 0 runs, 1 hit, 0 errors, 1 left on base; St. Louis 0 - Nashville 0
TOP OF THE 3RD
St. Louis Cardinals batting - Pitching for Nashville Outlaws : RHP Ben Utz
Batting: RHB Druw Jones 0-0: Called Strike
0-1: Swinging Strike
0-2: Ball
1-2: Strikes out looking
Batting: LHB Pete Crow-Armstrong 0-0: Called Strike
0-1: Ball
1-1: Foul Ball, location: 23FF
1-2: Foul Ball, location: 9LMF
1-2: Ball
2-2: Strikes out looking
Batting: RHB Ed Howard 0-0: Called Strike
0-1: Ball
1-1: Foul Ball, location: 2F
1-2: Strikes out looking
Top of the 3rd over - 0 runs, 0 hits, 0 errors, 0 left on base; St. Louis 0 - Nashville 0
BOTTOM OF THE 3RD
Nashville Outlaws batting - Pitching for St. Louis Cardinals : LHP Josh Lindenthal
Batting: RHB Tsurayuki Hamada 0-0: Ball
1-0: Ball
2-0: Reached on error, E6 (Groundball, 6, EV 86.9 MPH)
Batting: RHB Mike Head 0-0: Swinging Strike
0-1: Ball
1-1: Ball
2-1: SINGLE (Line Drive, 4D, EV 101.3 MPH)
Tsurayuki Hamada to second
Batting: RHB Andy Torrez 0-0: Foul Ball, location: 2F
0-1: Foul Ball, location: 9LSF
0-2: Fly out, F6 (Line Drive, 6, EV 71.3 MPH)
Lined into DP, 6-4 (Line Drive, 6, EV 71.3 MPH)
Batting: RHB Cristoforo Gortana 0-0: Ball
Wild Pitch!
Mike Head to second
1-0: Called Strike
1-1: Called Strike
1-2: Ball
2-2: Ball
3-2: Foul Ball, location: 25FF
3-2: Foul Ball, location: 2F
3-2: Base on Balls
Batting: RHB Manny Leyva 0-0: Ball
1-0: Foul Ball, location: 9LMF
1-1: Called Strike
1-2: Ball
2-2: 3-RUN HOME RUN (Flyball, 7D, EV 100.6 MPH), Distance : 399 ft
Batting: RHB Josh Robinson 0-0: Ball
1-0: Fly out, F2 (Popup, 5SF, EV 83.8 MPH)
Bottom of the 3rd over - 3 runs, 2 hits, 1 error, 0 left on base; St. Louis 0 - Nashville 3
TOP OF THE 4TH
St. Louis Cardinals batting - Pitching for Nashville Outlaws : RHP Ben Utz
Batting: LHB Mike Murphy 0-0: Swinging Strike
0-1: Ball
1-1: Swinging Strike
1-2: Strikes out swinging
Batting: LHB Danny Walton 0-0: Called Strike
0-1: Foul Ball, location: 2F
0-2: Strikes out swinging
Batting: RHB Jim Lagasse 0-0: Called Strike
0-1: Foul Ball, location: 23F
0-2: Ground out 5-3 (Groundball, 56S, EV 83.1 MPH)
Top of the 4th over - 0 runs, 0 hits, 0 errors, 0 left on base; St. Louis 0 - Nashville 3
BOTTOM OF THE 4TH
Nashville Outlaws batting - Pitching for St. Louis Cardinals : LHP Josh Lindenthal
Batting: RHB Nate Danzi 0-0: Ball
1-0: Ball
2-0: Ball
3-0: Called Strike
3-1: Called Strike
3-2: Base on Balls
Batting: RHB Dave Parks 0-0: Foul Ball, location: 2RF
0-1: SINGLE (Groundball, 4MD, EV 100.0 MPH)
Nate Danzi to second
Batting: SHB Marcus Miles 0-0: Swinging Strike
0-1: Ball
1-1: Called Strike
1-2: Strikes out swinging
Batting: RHB Tsurayuki Hamada 0-0: Called Strike
0-1: Ball
1-1: Foul Ball, location: 5F
1-2: Strikes out swinging
Batting: RHB Mike Head 0-0: Called Strike
0-1: Fly out, F9 (Flyball, 9S, EV 93.8 MPH)
Bottom of the 4th over - 0 runs, 1 hit, 0 errors, 2 left on base; St. Louis 0 - Nashville 3
TOP OF THE 5TH
St. Louis Cardinals batting - Pitching for Nashville Outlaws : RHP Ben Utz
Batting: RHB Joe Denham 0-0: SINGLE (Groundball, 6MD, EV 101.3 MPH)
Batting: LHB Roman Fernandez 0-0: Ball
1-0: Ball
2-0: Called Strike
2-1: Ball
3-1: Base on Balls
Joe Denham to second
Batting: LHB Jacob Gonzalez 0-0: Ball
1-0: Called Strike
1-1: Ball
2-1: Foul Ball, location: 2F
2-2: DOUBLE (Flyball, 89D, EV 105.6 MPH)
Joe Denham scores
Roman Fernandez to third
Batting: RHB Druw Jones 0-0: Called Strike
0-1: Foul Ball, location: 2F
0-2: Ball
1-2: Fly out, F7 (Flyball, 7S, EV 91.9 MPH)
Batting: LHB Pete Crow-Armstrong 0-0: Fielders Choice attempt at home, Runner SAFE. 4-2 (Groundball, 4, EV 85.6 MPH)
Jacob Gonzalez to third
Batting: RHB Ed Howard 0-0: Grounds into double play, 5-4-3 (Groundball, 56S, EV 84.4 MPH)
Top of the 5th over - 2 runs, 2 hits, 0 errors, 1 left on base; St. Louis 2 - Nashville 3
BOTTOM OF THE 5TH
Nashville Outlaws batting - Pitching for St. Louis Cardinals : LHP Josh Lindenthal
Batting: RHB Andy Torrez 0-0: Foul Ball, location: 7LSFF
0-1: Ball
1-1: Ball
2-1: Ground out 6-3 (Groundball, 6, EV 81.9 MPH)
Batting: RHB Cristoforo Gortana 0-0: Called Strike
0-1: Ground out 6-3 (Groundball, 6, EV 76.9 MPH)
Batting: RHB Manny Leyva 0-0: Ball
1-0: Ball
2-0: Foul Ball, location: 2F
2-1: Foul Ball, location: 5F
2-2: Ground out 6-3 (Groundball, 6MD, EV 103.1 MPH)
Bottom of the 5th over - 0 runs, 0 hits, 0 errors, 0 left on base; St. Louis 2 - Nashville 3
TOP OF THE 6TH
St. Louis Cardinals batting - Pitching for Nashville Outlaws : RHP Ben Utz
Batting: LHB Mike Murphy 0-0: Called Strike
0-1: Foul Ball, location: 3DF
0-2: Foul Ball, location: 3FF
0-2: Fly out, F9 (Flyball, 89M, EV 96.3 MPH)
Batting: LHB Danny Walton 0-0: Ball
1-0: Ball
2-0: Foul Ball, location: 2F
2-1: Ball
3-1: Ground out 6-3 (Groundball, 4, EV 83.1 MPH)
Batting: RHB Jim Lagasse 0-0: Ball
1-0: Fly out, F9 (Line Drive, 34D, EV 69.4 MPH)
Top of the 6th over - 0 runs, 0 hits, 0 errors, 0 left on base; St. Louis 2 - Nashville 3
BOTTOM OF THE 6TH
Nashville Outlaws batting - Pitching for St. Louis Cardinals : LHP Josh Lindenthal
Batting: RHB Josh Robinson 0-0: Ball
1-0: Foul Ball, location: 25FF
1-1: Swinging Strike
1-2: Ball
2-2: Foul Ball, location: 2F
2-2: Strikes out swinging
Pitching: LHP Jonathan Knudsen
Batting: RHB Nate Danzi 0-0: Ball
1-0: Ball
2-0: Called Strike
2-1: Ball
3-1: Called Strike
3-2: Strikes out looking
Batting: RHB Dave Parks 0-0: Called Strike
0-1: Foul Ball, location: 2F
0-2: Ball
1-2: Ball
2-2: Strikes out swinging
Bottom of the 6th over - 0 runs, 0 hits, 0 errors, 0 left on base; St. Louis 2 - Nashville 3
TOP OF THE 7TH
St. Louis Cardinals batting - Pitching for Nashville Outlaws : RHP Ben Utz
Pitching: RHP Kevin Gano
Batting: RHB Joe Denham 0-0: Ground out 4-3 (Groundball, 4, EV 76.3 MPH)
Batting: LHB Roman Fernandez 0-0: Called Strike
0-1: Ball
1-1: Ball
2-1: Foul Ball, location: 7LSF
2-2: Strikes out swinging
Pinch Hitting: LHB Chris Williams 0-0: Called Strike
0-1: Ball
1-1: Foul Ball, location: 23F
1-2: Strikes out swinging
Top of the 7th over - 0 runs, 0 hits, 0 errors, 0 left on base; St. Louis 2 - Nashville 3
BOTTOM OF THE 7TH
Nashville Outlaws batting - Pitching for St. Louis Cardinals : LHP Jonathan Knudsen
Now at 1B: Fernando Tatis Jr.
Now at 3B: Roman Fernandez
Now at SS: Ed Howard
Batting: SHB Marcus Miles 0-0: Ball
1-0: DOUBLE (Line Drive, 89M, EV 106.9 MPH)
Batting: RHB Tsurayuki Hamada 0-0: Swinging Strike
0-1: Called Strike
0-2: Ball
1-2: Strikes out swinging
Batting: RHB Mike Head 0-0: Called Strike
0-1: Ball
1-1: Called Strike
1-2: Foul Ball, location: 23FF
1-2: Strikes out looking
Batting: RHB Andy Torrez 0-0: Called Strike
0-1: Called Strike
0-2: Strikes out swinging
Bottom of the 7th over - 0 runs, 1 hit, 0 errors, 1 left on base; St. Louis 2 - Nashville 3
TOP OF THE 8TH
St. Louis Cardinals batting - Pitching for Nashville Outlaws : RHP Kevin Gano
Batting: RHB Druw Jones 0-0: Ball
1-0: Fly out, F8 (Flyball, 8RD, EV 102.5 MPH)
Batting: LHB Pete Crow-Armstrong 0-0: Swinging Strike
0-1: Foul Ball, location: 9LDF
0-2: Foul Ball, location: 3DF
0-2: Strikes out swinging
Batting: RHB Ed Howard 0-0: Foul Ball, location: 9LSF
0-1: Ball
1-1: SINGLE (Groundball, 3D, EV 101.3 MPH)
Batting: LHB Mike Murphy 0-0: Called Strike
0-1: Called Strike
0-2: Ball
1-2: Foul Ball, location: 3F
1-2: Ball
2-2: Foul Ball, location: 2F
2-2: 2-RUN HOME RUN (Flyball, 7D, EV 98.8 MPH), Distance : 376 ft
Batting: LHB Danny Walton 0-0: Foul Ball, location: 3FF
0-1: Ball
1-1: Ball
2-1: Foul Ball, location: 7LMF
2-2: Strikes out looking
Top of the 8th over - 2 runs, 2 hits, 0 errors, 0 left on base; St. Louis 4 - Nashville 3
BOTTOM OF THE 8TH
Nashville Outlaws batting - Pitching for St. Louis Cardinals : LHP Jonathan Knudsen
Batting: RHB Cristoforo Gortana 0-0: SOLO HOME RUN (Flyball, 9LD, EV 96.9 MPH), Distance : 373 ft
Batting: RHB Manny Leyva 0-0: SINGLE (Line Drive, 78S, EV 96.3 MPH)
Pitching: RHP Michael Davinni
Pinch Hitting: LHB Josh Lewis 0-0: Foul Ball, location: 5SF
0-1: Foul Ball, location: 5SF
0-2: Foul Ball, location: 2F
0-2: Ball
1-2: Foul Ball, location: 2F
1-2: DOUBLE (Line Drive, 9LM, EV 105.0 MPH)
Manny Leyva to third
Batting: LHB Pete Laskowski 0-0: Intentional Walk
Batting: RHB Dave Parks 0-0: Ball
1-0: Ball
2-0: Called Strike
2-1: Foul Ball, location: 9LDF
2-2: SINGLE (Flyball, 4D, EV 85.6 MPH)
Manny Leyva scores
Josh Lewis to third
Pete Laskowski to second
Batting: SHB Marcus Miles 0-0: Called Strike
0-1: Ball
1-1: Ball
2-1: Ball
3-1: Called Strike
3-2: Fly out, F6 (Popup, 25, EV 86.3 MPH)
Batting: RHB Tsurayuki Hamada 0-0: Called Strike
0-1: Foul Ball, location: 2F
0-2: Ball
1-2: Ball
2-2: Foul Ball, location: 23F
2-2: Foul Ball, location: 25F
2-2: Fly out, F7 (Line Drive, 7S, EV 105.0 MPH)
Batting: RHB Mike Head 0-0: Swinging Strike
0-1: Swinging Strike
0-2: Ball
1-2: SINGLE (Groundball, 6S, EV 63.1 MPH) (infield hit)
Josh Lewis scores
Pete Laskowski to third
Dave Parks to second
Pitching: RHP Ian Privett
Batting: RHB Andy Torrez 0-0: Ball
1-0: Called Strike
1-1: Fielders Choice at 2nd, 6-4 (Groundball, 6, EV 78.1 MPH)
Bottom of the 8th over - 3 runs, 5 hits, 0 errors, 3 left on base; St. Louis 4 - Nashville 6
TOP OF THE 9TH
St. Louis Cardinals batting - Pitching for Nashville Outlaws : RHP Kevin Gano
Pitching: RHP Joe Veihl
Now in LF: Josh Lewis
Batting: RHB Jim Lagasse 0-0: Ball
1-0: Foul Ball, location: 2LF
1-1: Ball
2-1: Ground out 6-3 (Groundball, 6, EV 86.9 MPH)
Batting: RHB Joe Denham 0-0: Foul Ball, location: 2LF
0-1: Ball
1-1: Swinging Strike
1-2: Hit by Pitch
Batting: LHB Roman Fernandez 0-0: Ball
1-0: Ball
2-0: Ball
3-0: Called Strike
3-1: SINGLE (Flyball, 8LS, EV 97.5 MPH)
Joe Denham to second
Batting: RHB Fernando Tatis Jr. 0-0: Called Strike
0-1: Ball
1-1: SINGLE (Line Drive, 7S, EV 94.4 MPH)
Joe Denham to third
Roman Fernandez to second
Pinch Hitting: RHB Tommy Buck 0-0: Called Strike
0-1: Foul Ball, location: 9LDF
0-2: Ball
1-2: Ball
2-2: Strikes out looking
Batting: LHB Pete Crow-Armstrong 0-0: Swinging Strike
0-1: Called Strike
0-2: Strikes out swinging
Top of the 9th over - 0 runs, 2 hits, 0 errors, 3 left on base; St. Louis 4 - Nashville 6
Tuesday, April 2nd , 2024 - OOTP Baseball 24.11 Build 85